AoeStats
← El Destungador

Black Forest

509986826Analyzed
3v3 RM · 2d ago on Sep 28, 2026· 64m 8s· 6 players
Game mode
Random Map
Map size
Normal (6 player)
Population
200
Speed
Normal
Resources
Standard
Victory
Conquest
Starting age
Dark Age
Ending age
Imperial Age
RankedLock teamsTeams togetherTeam positionsShared explorationLock speedFull tech treeHidden civsTurbo modeCheats
Victory
Defeat
🇨🇱 Inca · Chile
974
+14
🇨🇱 Celts · Chile
895
+18
🇨🇱 Teutons · Chile
887
+17
🇬🇧 Spanish · United Kingdom
946
-17
🇷🇴 Italians · Romania
938
-17
🇬🇧 Goths · United Kingdom
884
-15
CLAP <3
0:30 Loom
13:34 Feudal Age
13:57 Horse Collar
14:05 Double-Bit Axe
20:26 Castle Age
18:42 Stone Mining
18:47 Gold Mining
20:30 Scale Mail Armor
20:40 Forging
20:32 Padded Archer Armor
20:22 Fletching
21:49 Wheelbarrow
21:56 Wheelbarrow
22:12 Bow Saw
22:04 Heavy Plow
25:11 Hand Cart
24:53 Elite Skirmisher
32:53 Ballistics
34:10 Chain Mail Armor
36:04 Iron Casting
35:58 Masonry
39:09 Imperial Age
39:15 Imperial Age
37:51 Stone Shaft Mining
38:02 Leather Archer Armor
37:42 Bodkin Arrow
38:35 Bloodlines
39:45 Caravan
41:12 Conscription
42:31 Chemistry
42:13 Crop Rotation
43:40 Coinage
45:04 Plate Mail Armor
45:34 Blast Furnace
43:57 Elite Teutonic Knight
52:58 Two-Man Saw
60:24 Cavalier
62:12 Paladin
Dario Osorio
2:33 Loom
15:15 Feudal Age
15:37 Loom
18:05 Horse Collar
18:17 Gold Mining
18:22 Stone Mining
18:21 Double-Bit Axe
24:02 Castle Age
23:15 Forging
23:34 Scale Mail Armor
22:58 Man-at-Arms
25:09 Fletching
25:19 Padded Archer Armor
25:23 Heavy Plow
25:05 Pikeman
26:17 Bow Saw
27:35 Iron Casting
30:10 Wheelbarrow
37:49 Stone Shaft Mining
37:50 Gold Shaft Mining
36:47 Elite Skirmisher
37:55 Long Swordsman
41:12 Hand Cart
41:19 Leather Archer Armor
43:04 Bodkin Arrow
43:25 Chain Mail Armor
43:21 Caravan
48:00 Imperial Age
49:24 Conscription
51:33 Elite Woad Raider
54:11 Blast Furnace
53:41 Ring Archer Armor
56:04 Onager
El Destungador
0:44 Loom
12:05 Feudal Age
12:26 Horse Collar
12:32 Double-Bit Axe
19:24 Castle Age
18:16 Stone Mining
18:16 Gold Mining
18:31 Scale Mail Armor
19:03 Forging
20:23 Wheelbarrow
21:15 Heavy Plow
21:26 Bow Saw
24:53 Squires
33:56 Hand Cart
38:09 Imperial Age
36:40 Chain Mail Armor
37:02 Iron Casting
37:17 Arson
38:32 Elite Kamayuk
39:33 Conscription
40:01 Crop Rotation
40:09 Gold Shaft Mining
40:27 Stone Shaft Mining
42:04 Fabric Shields
42:08 Caravan
42:59 Plate Mail Armor
42:48 Fortified Wall
47:13 Blast Furnace
50:36 Chemistry
49:43 Siege Engineers
dpiddock77
0:28 Loom
15:00 Feudal Age
15:44 Double-Bit Axe
19:44 Castle Age
18:16 Horse Collar
26:43 Imperial Age
26:56 Caravan
32:55 Chemistry
37:28 Wheelbarrow
40:33 Scale Mail Armor
40:44 Forging
48:43 Iron Casting
48:09 Padded Archer Armor
48:24 Chain Mail Armor
48:15 Scale Barding Armor
48:01 Fletching
51:41 Onager
63:19 Cavalier
63:59 Husbandry
Truck Got Stuck
0:40 Loom
11:45 Feudal Age
19:37 Castle Age
17:47 Horse Collar
19:37 Scale Barding Armor
19:33 Padded Archer Armor
21:16 Double-Bit Axe
36:16 Imperial Age
35:38 Husbandry
35:49 Bloodlines
37:34 Heavy Plow
38:12 Wheelbarrow
37:24 Town Watch
39:26 Forging
38:55 Cavalier
41:12 Conscription
41:41 Iron Casting
41:27 Chain Barding Armor
64:50 Chemistry
Veni Vidi Avicii 2
5:39 Loom
11:20 Feudal Age
15:17 Double-Bit Axe
15:14 Horse Collar
16:16 Wheelbarrow
20:03 Castle Age
21:15 Hand Cart
21:12 Bow Saw
21:04 Heavy Plow
27:07 Town Watch
30:01 Hand Cart
30:57 Stone Mining
32:08 Coinage
35:09 Gold Mining
35:54 Stone Shaft Mining
35:35 Forging
35:25 Scale Mail Armor
35:32 Scale Barding Armor
35:27 Padded Archer Armor
35:18 Fletching
35:42 Town Patrol
37:17 Treadmill Crane
37:34 Murder Holes
37:49 Fortified Wall
38:00 Ballistics
38:21 Iron Casting
38:01 Chain Mail Armor
38:06 Chain Barding Armor
40:46 Imperial Age
39:01 Leather Archer Armor
38:12 Man-at-Arms
38:12 Pikeman
38:53 Squires
38:38 Arson
39:43 Silk Road
39:28 Caravan
39:11 Elite Skirmisher
39:13 Crossbowman
40:02 Thumb Ring
40:16 Heated Shot
40:37 Masonry
40:25 Bodkin Arrow
42:29 Chemistry
41:00 Arbalester
42:05 Conscription
41:56 Pirotechnia
42:22 Hoardings
42:03 Pirotechnia
44:12 Two-Man Saw
43:56 Crop Rotation
43:40 Elite Genoese Crossbowman
45:10 Architecture
45:27 Banking
Connection lost

Rejoining the realm…

Still unreachable

The connection could not be restored.

Session expired

The server has moved on; the page needs a fresh start.